 Dungeon Crawl Stone Soup version 0.30.0-29-ga12c61a403 (webtiles) character file.

Game seed: 2299531414821525716

6092 ChadusMaximus the Blocker (level 11, -7/86 HPs)
             Began as a Formicid Fighter on June 19, 2023.
             Was a Follower of Makhleb.
             Engulfed by a cloud of steam (29 damage)
             ... on level 9 of the Dungeon.
             The game lasted 00:11:02 (10982 turns).

ChadusMaximus the Blocker (Formicid Fighter)       Turns: 10982, Time: 00:11:02

Health: -7/86      AC: 17    Str: 31    XL:     11   Next: 12%
Magic:  11/11      EV:  7    Int:  8    God:    Makhleb [*.....]
Gold:   610        SH:  6    Dex: 13    Spells: 10/10 levels left

rFire   x . .        B - +3 battleaxe
rCold   + . .        c - +0 buckler
rNeg    . . .        P - +0 plate armour
rPois   .            (helmet unavailable)
rElec   .            (no cloak)
rCorr   .            M - +0 pair of gloves
SInv    +            N - +1 pair of boots
Will    +....        (no amulet) Stlth
                     k - +6 ring of strength
HPRegen 0.34/turn    o - ring of ice
MPRegen 0.12/turn

%: no passive effects
@: no status effects
A: permanent stasis, dig shafts and tunnels, antennae 3, four strong arms
a: Dig, Shaft Self, Renounce Religion


You were on level 9 of the Dungeon.
You worshipped Makhleb.
Makhleb was aware of your devotion.
You visited 3 branches of the dungeon, and saw 11 of its levels.

You collected 610 gold pieces.

Inventory:

Hand Weapons
 a - a +0 war axe
 f - a +4 war axe
 v - the +1 spear "Qotod" {protect, Will+ Dex+5}
   (You found it on level 5 of the Dungeon)

   Dex:       It affects your dexterity (+5).
   Will:      It increases your willpower.
 B - a +3 battleaxe (weapon)
Missiles
 r - 4 boomerangs of dispersal
 s - 4 javelins
 y - a throwing net
Armour
 b - a +0 scale mail
 c - a +0 buckler (worn)
 K - a +0 chain mail
 M - a +0 pair of gloves (worn)
 N - a +1 pair of boots (worn)
 P - a +0 plate armour (worn)
Jewellery
 k - a +6 ring of strength (left hand)
 o - a ring of ice (right hand)
Wands
 l - a wand of digging (5)
 E - a wand of mindburst (11)
 I - a wand of flame (24)
 J - a wand of roots (9)
Scrolls
 g - 2 scrolls of fear
 h - 2 scrolls of poison
 i - 2 scrolls of blinking
 j - 4 scrolls of teleportation
 m - 5 scrolls of fog
 u - a scroll of torment
 w - a scroll of noise
 z - a scroll of amnesia {unknown}
 G - a scroll of identify
 H - a scroll of enchant weapon {unknown}
 L - a scroll of enchant armour {unknown}
Potions
 d - 3 potions of might
 e - 4 potions of heal wounds
 n - 2 potions of mutation {unknown}
 p - a potion of attraction {unknown}
 q - a potion of ambrosia {unknown}
 t - 3 potions of curing {unknown}
 x - a potion of invisibility {unknown}
 A - a potion of brilliance {unknown}
 C - a potion of degeneration {unknown}
 D - 2 potions of flight {unknown}
 F - 2 potions of lignification {unknown}
 O - a potion of cancellation {unknown}


   Skills:
 + Level 8.0 Fighting
 + Level 7.8 Axes
 * Level 8.3 Throwing
 + Level 8.0 Armour
 + Level 9.5 Shields


You had 10 spell levels left.
You didn't know any spells.
Your spell library contained the following spells:

 Spells                   Type           Power      Damage    Failure   Level
 Anguish                  Hex/Necr       0%         N/A       100%        4
 Animate Dead             Necr           0%         N/A       100%        4
 Cause Fear               Hex            0%         N/A       100%        4
 Summon Ice Beast         Ice/Summ       0%         N/A       100%        4
 Iskenderun's Battlesphe  Conj           0%         2d6       100%        5
 Summon Mana Viper        Hex/Summ       0%         N/A       100%        5
 Iron Shot                Conj/Erth      0%         9d1       100%        6
 Enfeeble                 Hex            0%         N/A       100%        7
 Haunt                    Necr/Summ      0%         N/A       100%        7
 Monstrous Menagerie      Summ           0%         N/A       100%        7
 Spellforged Servitor     Conj/Summ      0%         N/A       100%        7
 Infestation              Necr           0%         N/A       100%        8


Dungeon Overview and Level Annotations

Branches:
Dungeon (9/15)             Temple (1/1) D:4            Lair (1/5) D:8
    Orc (0/2) D:9

Altars:
Ashenzari
Cheibriados
Elyvilon
Fedhas
Gozag
Hepliaklqana
Kikubaaqudgha
Makhleb
Nemelex Xobeh
Qazlal
Sif Muna
Trog
Uskayaw
Vehumet
Wu Jian
Xom
Yredelemnul
Zin

Shops:
D:5 !

Annotations:
D:7 3 runed translucent doors, Levsong's ghost, novice KoBr


Innate Abilities, Weirdness & Mutations

You cannot be hasted, slowed, berserked, paralysed or teleported.
You can dig through walls and to a lower floor.
You have a pair of large antennae on your head. (SInv)
Your four strong arms can wield two-handed weapons with a shield.


Message History

Makhleb accepts your kill.
You feel better.
Your Fighting skill increases to level 8!
Unknown command.
Things that are here:
a +0 hand axe; an orc corpse
Things that are here:
a +0 hand axe; an orc corpse
Things that are here:
a +0 dagger; an orc corpse
Items here: )) [ †.
P - a +0 plate armour You start removing your armour.
You continue taking off your +0 chain mail. x4
You finish taking off your +0 chain mail.
You start putting on your armour.
You continue putting on your +0 plate armour. x5
You finish putting on your +0 plate armour.
Things that are here:
a +0 dagger; an orc corpse
Things that are here:
a +0 hand axe; an orc corpse A steam dragon comes into view.
The steam dragon hisses angrily.
You slice the steam dragon!!
The steam dragon is severely wounded.
The steam dragon bites you!
* * * LOW HITPOINT WARNING * * *
You block the steam dragon's attack.
You closely miss the steam dragon.
The steam dragon is severely wounded.
The steam dragon breathes steam at you. The ball of steam hits you.
The steam scalds you terribly!
* * * LOW HITPOINT WARNING * * *
You slice the steam dragon!!
You kill the steam dragon!
Makhleb accepts your kill.
You feel better.
You are engulfed in a cloud of scalding steam.
You die...

##.#...#.###.....................
#.###.#..)......................
#.....##)).)..##[...............
..#####'.).....##..........>.....
# ####....)).........†.).....
#...............))).....
#...÷..##........###....
####...§.##........)......
#...##§§.@................ ######
#...##.......##...)......#
.....###............##)...##....#
.......#..................# .....
.....#........................)..
.....###.........>.#####....####.
###### #...........# ###....
#...........# ##### #...........#


There were no monsters in sight!

Vanquished Creatures
  Pikel (D:4)
  A rime drake (D:8)
  A polar bear (D:8)
  Sigmund (D:2)
  A wyvern (D:7)
  6 yaks (D:9)
  A steam dragon (D:9)
  2 wargs (D:9)
  2 water moccasins
  2 orc warriors
  A sky beast (D:7)
  7 ice beasts
  A centaur (D:9)
  2 wolves (D:8)
  2 lemures
  A gnoll sergeant (D:8)
  4 bullfrogs
  A scorpion (D:6)
  15 wights
  6 killer bees
  2 jellies
  3 hounds
  6 orc priests
  A gnoll bouda (D:5)
  A sleepcap (D:7)
  Ijyb (D:4)
  An iguana (D:4)
  8 orc wizards
  11 adders
  7 gnolls
  2 shadow imps
  4 white imps
  3 worms (D:2)
  4 dart slugs
  32 orcs
  5 ball pythons
  7 bats
  5 endoplasms
  3 giant cockroaches
  7 goblins
  5 hobgoblins
  8 jackals
  11 kobolds
  2 quokkas
  6 frilled lizards
  3 rats (D:1)
206 creatures vanquished.

Notes
Turn   | Place    | Note
-------+----------+-------------------------------------------
     0 | D:1      | ChadusMaximus the Formicid Fighter began the quest for the
                  | Orb.
     0 | D:1      | Reached XP level 1. HP: 18/18 MP: 1/1
    57 | D:1      | Reached XP level 2. HP: 23/24 MP: 2/2
   458 | D:1      | Reached XP level 3. HP: 12/29 MP: 3/3
   879 | D:2      | Reached XP level 4. HP: 37/37 MP: 4/4
  1316 | D:2      | Noticed Sigmund
  1332 | D:2      | Killed Sigmund
  1333 | D:2      | Reached skill level 5 in Shields
  1333 | D:2      | Reached XP level 5. HP: 26/43 MP: 5/5
  1333 | D:2      | Reached XP level 6. HP: 30/49 MP: 6/6
  2720 | D:4      | Noticed a water moccasin
  2726 | D:4      | Killed a water moccasin
  2727 | D:4      | Reached XP level 7. HP: 51/55 MP: 7/7
  2854 | D:4      | Found a staircase to the Ecumenical Temple.
  3149 | D:4      | Reached skill level 5 in Axes
  3208 | D:4      | Noticed Pikel
  3210 | D:4      | Noticed Ijyb
  3230 | Temple   | Entered the Ecumenical Temple
  3284 | D:4      | You fall into a shaft and drop 1 floor!
  3284 | D:5      | Entered Level 5 of the Dungeon
  3463 | D:5      | Identified the +1 spear "Qotod" {protect, Will+ Dex+5}
  4004 | D:5      | Found Gonaklue's Distillery.
  4013 | D:5      | Reached skill level 5 in Armour
  4216 | D:5      | Reached skill level 1 in Throwing
  4342 | D:6      | Reached skill level 5 in Fighting
  4342 | D:6      | Reached skill level 6 in Shields
  4351 | D:6      | Reached XP level 8. HP: 45/57 MP: 8/8
  5365 | D:6      | Reached skill level 7 in Shields
  5365 | D:6      | Reached XP level 9. HP: 41/67 MP: 9/9
  5647 | D:7      | Found a stormy altar of Qazlal.
  5688 | D:7      | Found a runed translucent gate.
  5688 | D:7      | Found a runed translucent gate.
  5688 | D:7      | Found a runed translucent gate.
  5689 | D:7      | Noticed Levsong's ghost (novice KoBr)
  5930 | D:7      | Reached skill level 5 in Throwing
  6952 | D:4      | Killed Ijyb
  7383 | D:4      | Killed Pikel
  7384 | D:4      | Reached skill level 8 in Shields
  7844 | D:7      | Reached XP level 10. HP: 31/77 MP: 10/10
  8661 | D:8      | Noticed a rime drake
  9407 | D:8      | Found an opulent altar of Gozag.
  9693 | D:8      | Killed a rime drake
  9743 | D:8      | Found a staircase to the Lair.
  9876 | Temple   | Became a worshipper of Makhleb the Destroyer
  9973 | Lair:1   | Entered Level 1 of the Lair of Beasts
 10159 | D:8      | Reached skill level 9 in Shields
 10358 | D:8      | Found a glowing silver altar of Zin.
 10358 | D:8      | Noticed an angel
 10823 | D:9      | Reached * piety under Makhleb
 10876 | D:9      | Reached XP level 11. HP: 69/86 MP: 11/11
 10900 | D:9      | Found a staircase to the Orcish Mines.
 10982 | D:9      | Engulfed by a cloud of steam

Illustrated notes

Levels and vault maps discovered:
D:1:      lightli_arrival_chessboard, layout_loops_ring
D:2:      layout_basic, grunt_ministairs_12, minmay_misc_feat_room, uniq_sigmund
D:3:      layout_basic
D:4:      layout_loops_corners, minmay_temple_entry_statues, uniq_ijyb,
          uniq_pikel
D:5:      layout_basic, serial_shops, nicolae_shop_just_a_little_nook,
          serial_bayou_lake_a
D:6:      layout_rooms, nrook_pool_corridor
D:7:      layout_loops_ring, lemuel_doored_altar, gammafunk_ghost_split,
          minmay_fractal_squares_gapless_5
D:8:      layout_basic, zin_angel,
          nicolae_gozag_cash_rules_everything_around_me,
          hellmonk_lair_entry_icy, minivault_25
D:9:      layout_rooms, mainiacjoe_overflow_swirl, erik_orc_4
Temple:   nicolae_temple_no_exploring_needed
Lair:1:   layout_cave_shapes, serial_bayou_pond_d, cheibrodos_lair_reptile_den,
          grunt_megastairs_5, infiniplex_staircase_pool_2, uniq_gastronok

Skill      XL: |  1  2  3  4  5  6  7  8  9 10 11 |
---------------+----------------------------------+-----
Axes           | 4 5 6 7 |  7.8
Fighting       | 4 5 6 7 8 |  8.0
Armour         | 4 5 6 7 8 |  8.0
Shields        | 5 6 7 8 9 |  9.5
Throwing       | 1 4 6 8 |  8.3

Action                     |  1- 3 |  4- 6 |  7- 9 | 10-12 || total
---------------------------+-------+-------+-------+-------++-------
  Melee: War axe           |    75 |   127 |    62 |       ||   264
         Spear             |       |       |   209 |       ||   209
         Battleaxe         |       |       |   106 |   207 ||   313
Ability: Shaft Self        |       |       |     1 |       ||     1
    Use: Scroll            |       |       |     7 |       ||     7
         Potion            |       |       |     4 |       ||     4
 Armour: Scale mail        |    37 |    46 |   147 |       ||   230
         Chain mail        |       |       |       |   136 ||   136
  Dodge: Dodged            |    35 |    55 |   169 |   113 ||   372
  Block: Buckler           |    14 |    39 |   122 |    80 ||   255
